[Event "Early-Titled-Tuesday-Blitz-May-07-2024"]
[Site "Chess.com"]
[Date "2024.05.07"]
[Round "6"]
[White "h4parah5"]
[Black "Legendinunknown"]
[Result "1-0"]
[WhiteElo "3017"]
[BlackElo "2827"]
[TimeControl "180+1"]
[EndTime "9:11:14 PDT"]
[Termination "h4parah5 won by resignation"]

1. Nf3 Nf6 2. c4 e6 3. g3 a6 4. Bg2 b5 5. b3 Bb7 6. O-O Be7 7. Na3 b4 8. Nc2 c5 9. Bb2 d6 10. d4 Nbd7 11. Nfe1 Bxg2 12. Kxg2 Qc7 13. Nd3 O-O 14. Rc1 a5 15. a4 bxa3 16. Nxa3 Qb7+ 17. f3 cxd4 18. Bxd4 e5 19. Be3 e4 20. Nf4 d5 21.
Nb5 exf3+ 22. exf3 dxc4 23. bxc4 Nc5 24. Nd5 Rad8 25.
Nbc3 Rfe8 26. Rb1 Qc8 27. Qc2 Nxd5 28. Nxd5 Bf8 29. Bf2 Ne6 30. Qa4 Bc5 31. Be1 Ng5 32. g4 Re2+ 33. Bf2 Ne4 34. Rbe1 Rxf2+ 35. Rxf2 Nxf2 36.
h3 Nd3 37. Re4 f5 38. gxf5 Qxf5 39. Re8+ Rxe8 40. Qxe8+ Bf8 41. Ne7+ 1-0

[Event "Early-Titled-Tuesday-Blitz-May-07-2024"]
[Site "Chess.com"]
[Date "2024.05.07"]
[Round "6"]
[White "abelmat"]
[Black "milovichalex"]
[Result "0-1"]
[WhiteElo "2016"]
[BlackElo "2330"]
[TimeControl "180+1"]
[EndTime "9:11:14 PDT"]
[Termination "milovichalex won on time"]

1. d4 Nf6 2. c4 e6 3. Nf3 d5 4. Nc3 Bb4 5. Qa4+ Nc6 6. a3 Bxc3+ 7. bxc3 O-O 8. Bg5 h6 9. Bh4 g5 10. Bg3 Ne4 11. Qc2 h5 12. h4 g4 13. Nd2 Nxg3 14.
fxg3 Qd6 15. Kf2 e5 16. e4 exd4 17. Bd3 dxc3 18. Qxc3 d4 19. Qc2 Ne5 20. Rhf1 c5 21. Kg1 Ng6 22. e5 Nxe5 23. Ne4 Qh6 24. Nf6+ Kg7 25. Rf4 Be6 26. Raf1 Rac8 27. Bf5 Qxf6 28. Bxg4 Qg6 29. Qe2 Nxg4 30. Kh1 b6 31. a4 Rcd8 32.
Re4 d3 33. Qd2 Qxe4 34. Rf4 Qg6 35. Kg1 Rfe8 36. Qb2+ Kg8 37. Qc3 d2 0-1

[Event "Early-Titled-Tuesday-Blitz-May-07-2024"]
[Site "Chess.com"]
[Date "2024.05.07"]
[Round "6"]
[White "WiseKing_08"]
[Black "pauliukevicius"]
[Result "0-1"]
[WhiteElo "2588"]
[BlackElo "2444"]
[TimeControl "180+1"]
[EndTime "9:11:15 PDT"]
[Termination "pauliukevicius won by resignation"]

1. e4 e5 2. Nf3 Nc6 3. Bb5 a6 4.
Bxc6 dxc6 5. O-O Bd6 6. d4 exd4 7. Qxd4 f6 8. Nbd2 c5 9. Qe3 Ne7 10. b3 O-O 11. Bb2 Ng6 12. Nc4 b5 13. Nxd6 cxd6 14. Rad1 Ra7 15. Rd3 Rd7 16. Rfd1 Qe7 17. Nd2 Bb7 18.
f3 d5 19. Nf1 d4 20. Qf2 Rfd8 21. Ng3 Ne5 22. R3d2 Qf8 23. h3 g6 24. Kh2 f5 25.
exf5 gxf5 26. Re1 Ng6 27. Rde2 Qd6 28. Re6 Qc7 29. Bc1 Bd5 30. Re8+ Rxe8 31. Rxe8+ Kf7 32. Re1 Be6 33. Kg1 c4 34. Bg5 d3 35. cxd3 cxd3 36. Rd1 a5 37. Qe3 Qc2 38. Rd2 Qc1+ 39.
Kh2 Qb1 40. h4 Ne7 41. h5 a4 42. bxa4 bxa4 43. Qe5 Nd5 44. Nxf5 Bxf5 45. Qxf5+ Ke8 46. Rxd3 Qb8+ 47. Kh1 Qd6 48. Be3 Nxe3 49. Qe4+ Qe7 50. Rxd7 Qxe4 51. fxe4 Kxd7 52. Kg1 Ke6 53. Kf2 Nd1+ 54.
Kf3 Nc3 55. a3 Nb1 0-1

[Event "Early-Titled-Tuesday-Blitz-May-07-2024"]
[Site "Chess.com"]
[Date "2024.05.07"]
[Round "6"]
[White "Larina_Maria"]
[Black "MikeWizard"]
[Result "1-0"]
[WhiteElo "2344"]
[BlackElo "2042"]
[TimeControl "180+1"]
[EndTime "9:11:15 PDT"]
[Termination "Larina_Maria won by checkmate"]

1. e4 d6 2. d4 Nf6 3. Nc3 Nbd7 4.
f3 e5 5. Be3 Be7 6. Qd2 c6 7.
O-O-O Qc7 8. g4 h6 9. h4 Qa5 10. Kb1 Nb6 11. Nh3 Be6 12. g5 Nh5 13. Rg1 Nc4 14.
Bxc4 Bxc4 15. g6 f6 16. f4 Nxf4 17. Nxf4 exf4 18. Bxf4 O-O-O 19. Qg2 Be6 20. d5 cxd5 21. Nxd5 Rd7 22. Rd3 Re8 23. Rgd1 Kb8 24. Nxe7 Rdxe7 25. Bxd6+ Ka8 26. Bxe7 Qxa2+ 27. Kc1 Qa1+ 28. Kd2 Qxb2 29. Ba3 Qe5 30. Bd6 Qa5+ 31. Ke3 Qh5 32. Bf4 a5 33. Rd8+ Rxd8 34. Rxd8+ Ka7 35. Qd2 b6 36. Qd6 Bc4 37. Qc7+ Ka6 38. Qxc4+ Kb7 39. Qc8+ Ka7 40. Rd7# 1-0

[Event "Early-Titled-Tuesday-Blitz-May-07-2024"]
[Site "Chess.com"]
[Date "2024.05.07"]
[Round "6"]
[White "maurovargas01"]
[Black "rhwr"]
[Result "0-1"]
[WhiteElo "1970"]
[BlackElo "2290"]
[TimeControl "180+1"]
[EndTime "9:11:16 PDT"]
[Termination "rhwr won on time"]

1. e3 e5 2. b3 Nc6 3. Bb2 Nf6 4. Nf3 d6 5. d3 Be7 6. c4 O-O 7. Nc3 h6 8. h3 d5 9. cxd5 Nxd5 10.
Nxd5 Qxd5 11. e4 Bb4+ 12. Ke2 Qe6 13. a3 Be7 14. b4 a6 15. Rc1 Bf6 16. g4 Nd4+ 17.
Nxd4 exd4 18. f4 c6 19. f5 Qe5 20. Qe1 Bg5 21. Rc2 Be3 22. Kd1 Qf4 23. Bg2 a5 24. Rf1 Qd6 25. Bc1 Bxc1 26. Rxc1 axb4 27. Qxb4 Qg3 28. Rc2 Qxd3+ 29. Rd2 Qxa3 30. Qxd4 Qb3+ 31. Ke2 b6 32. Rf3 Ba6+ 33. Kf2 Qb5 34. Rb2 Qc5 35. Qxc5 bxc5 36. Rc3 c4 37. Bf1 Rab8 38. Rbc2 Rb3 0-1

[Event "Early-Titled-Tuesday-Blitz-May-07-2024"]
[Site "Chess.com"]
[Date "2024.05.07"]
[Round "6"]
[White "pfalcon1949"]
[Black "Tsyhanchuk_Stanislav"]
[Result "1-0"]
[WhiteElo "1950"]
[BlackElo "2304"]
[TimeControl "180+1"]
[EndTime "9:11:16 PDT"]
[Termination "pfalcon1949 won by checkmate"]

1. e4 c5 2. Nf3 e6 3. d4 cxd4 4. Nxd4 a6 5. c4 Nf6 6. Nc3 Qc7 7. a3 d6 8. f4 Nbd7 9. Bd3 Nc5 10. Bc2 b6 11. b4 Ncd7 12. Bd3 Bb7 13. O-O Be7 14. Be3 e5 15. Nf5 Bf8 16. Rc1 g6 17.
Ng3 Bh6 18. Qe2 a5 19. Kh1 O-O 20. fxe5 Bxe3 21. Qxe3 Nxe5 22. Rxf6 Ng4 23. Qf3 Nxf6 24. Qxf6 axb4 25. axb4 Ra3 26. e5 Qd7 27. Nh5 gxh5 28. Bf5 Qc6 29. Nd5 Re8 30. Qh6 Ra1 31. Nf6+ Kh8 32. Qxh7# 1-0

[Event "Early-Titled-Tuesday-Blitz-May-07-2024"]
[Site "Chess.com"]
[Date "2024.05.07"]
[Round "6"]
[White "ab-lsv"]
[Black "dennisodessa"]
[Result "0-1"]
[WhiteElo "2378"]
[BlackElo "2548"]
[TimeControl "180+1"]
[EndTime "9:11:18 PDT"]
[Termination "dennisodessa won on time"]

1. d4 Nf6 2. c4 e6 3. Nc3 Bb4 4. Qc2 d5 5. cxd5 exd5 6. Bg5 O-O 7. e3 c6 8. Bd3 h6 9. Bh4 Re8 10. Ne2 Nbd7 11. O-O Nf8 12. a3 Be7 13. f3 Ne6 14. Rad1 c5 15. Kh1 c4 16. Bf5 Ng5 17. Bxc8 Rxc8 18. e4 dxe4 19. fxe4 Nfxe4 20. d5 Nc5 21. Nd4 Nd3 22. Nf5 Bf6 23. d6 Qd7 24. Nd5 Bd8 25.
Rxd3 cxd3 26. Qxd3 Kh8 27. Qd4 f6 28. Bg3 Re4 29.
Qd2 Rc5 30. Nde3 Re6 31. h4 Ne4 0-1

[Event "Early-Titled-Tuesday-Blitz-May-07-2024"]
[Site "Chess.com"]
[Date "2024.05.07"]
[Round "6"]
[White "juanchesst"]
[Black "vladgoncharov"]
[Result "1-0"]
[WhiteElo "2671"]
[BlackElo "2589"]
[TimeControl "180+1"]
[EndTime "9:11:19 PDT"]
[Termination "juanchesst won by checkmate"]

1. d4 Nf6 2. c4 e6 3. Nf3 Bb4+ 4. Bd2 Be7 5. g3 d5 6. Bg2 c6 7.
b3 O-O 8. O-O b5 9. Bc3 bxc4 10.
bxc4 Ba6 11. Nbd2 Nbd7 12. Qa4 Qc8 13. Rac1 Nb6 14. Qa5 Bxc4 15. Rfe1 Bb5 16. Bb4 Bxb4 17. Qxb4 a5 18. Qa3 Nfd7 19. e4 Qa6 20. Nb3 Nc4 21. Qe7 Qa7 22. Qh4 a4 23. Na1 Nf6 24.
e5 Ne4 25. Nc2 h6 26. Ne3 Nxe3 27. Rxe3 Bc4 28. Rxc4 dxc4 29. Qxe4 Rab8 30. Bf1 Qa6 31. Rc3 Rb4 32. a3 Rb2 33. Bxc4 Qb6 34. Kg2 Rd8 35.
Bd3 g6 36. h4 h5 37. Rxc6 Qb3 38.
Rc7 Qa2 39. Rxf7 Rxf2+ 40. Kh3 Kxf7 41. Qxg6+ Ke7 42. Qg7+ Ke8 43. Bg6# 1-0

[Event "Early-Titled-Tuesday-Blitz-May-07-2024"]
[Site "Chess.com"]
[Date "2024.05.07"]
[Round "6"]
[White "Me_ch_an"]
[Black "Lucky_Puncher"]
[Result "0-1"]
[WhiteElo "2368"]
[BlackElo "2540"]
[TimeControl "180+1"]
[EndTime "9:11:19 PDT"]
[Termination "Lucky_Puncher won by resignation"]

1. e4 c5 2. Nf3 d6 3. d4 cxd4 4. Qxd4 Nf6 5. c4 Nc6 6. Qd3 g6 7. Nc3 Bg7 8. Be2 O-O 9. O-O Be6 10.
h3 Rc8 11. Be3 Nb4 12. Qd2 Bxc4 13. Bxa7 Bxe2 14. Qxe2 Nc6 15. Be3 Qa5 16. Rac1 Ra8 17. Rfd1 Rfc8 18. Nd4 Nd7 19. Nb3 Qd8 20. Nd5 Rxa2 21.
Rc2 Rca8 22. Qb5 Qb8 23. Nb6 Nxb6 24. Bxb6 Rxb2 25. Rxb2 Bxb2 26. Nd2 Bf6 27. Nf3 Qc8 28. Qd5 Qe6 29. Qd2 Ra2 30. Qd3 Ne5 31. Nxe5 Bxe5 32.
Be3 Rb2 33. Rc1 h5 34. f4 Bg7 35. f5 Qb3 36. Qd5 Qxe3+ 0-1

[Event "Early-Titled-Tuesday-Blitz-May-07-2024"]
[Site "Chess.com"]
[Date "2024.05.07"]
[Round "6"]
[White "nuadvaga"]
[Black "ploxoi"]
[Result "0-1"]
[WhiteElo "2148"]
[BlackElo "2323"]
[TimeControl "180+1"]
[EndTime "9:11:20 PDT"]
[Termination "ploxoi won on time"]

1. d4 e6 2. c4 d5 3. Nc3 c6 4.
Nf3 dxc4 5. a4 Bb4 6. e4 Nf6 7. e5 Nd5 8. Qc2 b5 9. Be2 Bb7 10. O-O a6 11. Ng5 h6 12. Nge4 Nd7 13. Bd2 Be7 14. axb5 cxb5 15. f4 g6 16. Bf3 Rc8 17. g4 N7b6 18. Bg2 Nb4 19. Qb1 Qxd4+ 20. Kh1 N6d5 21.
Nxd5 Nxd5 22. Qe1 h5 23. Rd1 Qxb2 24. f5 hxg4 25. fxg6 fxg6 26. Nf6+ Bxf6 27. exf6 Kf7 28. Rf2 g3 29. Re2 Rxh2+ 30. Kg1 Qd4+ 31. Be3 Rxg2+ 32. Kxg2 Nxe3+ 33. Kxg3 Nf5+ 34. Kh2 Qf4+ 35. Kg1 Qg4+ 36. Kh2 Rh8+ 0-1

[Event "Early-Titled-Tuesday-Blitz-May-07-2024"]
[Site "Chess.com"]
[Date "2024.05.07"]
[Round "6"]
[White "mary-sanna"]
[Black "Giorno"]
[Result "0-1"]
[WhiteElo "2215"]
[BlackElo "2539"]
[TimeControl "180+1"]
[EndTime "9:11:20 PDT"]
[Termination "Giorno won on time"]

1. d4 d6 2. e4 e5 3. Nc3 exd4 4.
Qxd4 Nc6 5. Qd1 g6 6. Nf3 Bg7 7. Bb5 Ne7 8. O-O O-O 9. Bg5 h6 10. Be3 Bg4 11. h3 Bxf3 12. Qxf3 Nd4 13. Bxd4 Bxd4 14.
Bd3 Bxc3 15. bxc3 Nc6 16. Rab1 Rb8 17. Qe3 Kg7 18. Bb5 a6 19. Bxc6 bxc6 20. Qd4+ Qf6 21.
Qc4 c5 22. Rb3 Rb5 23. a4 Rxb3 24. cxb3 Rb8 25. Re1 Qe5 26. Re3 Qe6 27. Qxa6 Rxb3 28. e5 d5 29. Qa7 Qb6 30. Qxb6 cxb6 31. e6 Kf8 32. e7+ Ke8 33. Kf1 Ra3 34. Ke2 Rxa4 35. Kd3 Rf4 36. f3 Rf5 37. Re1 h5 38. Rb1 Rf6 39.
Re1 Re6 40. Rb1 Kxe7 41. Ra1 h4 42. Ra7+ Kf6 43. Ra4 Kg5 44. Rg4+ Kh5 45. f4 f6 46. Kd2 Re4 47. Kd3 b5 48. g3 hxg3 49. Rxg3 Rxf4 50. Re3 Re4 0-1

[Event "Early-Titled-Tuesday-Blitz-May-07-2024"]
[Site "Chess.com"]
[Date "2024.05.07"]
[Round "6"]
[White "FaustinoOro"]
[Black "Puzzlebot_1294"]
[Result "0-1"]
[WhiteElo "2878"]
[BlackElo "2649"]
[TimeControl "180+1"]
[EndTime "9:11:21 PDT"]
[Termination "Puzzlebot_1294 won by resignation"]

1. Nf3 Nf6 2. d4 e6 3. Bg5 c5 4. e3 Nc6 5. c3 b6 6. Nbd2 Bb7 7. Bd3 Be7 8. O-O h6 9. Bh4 O-O 10. h3 cxd4 11. exd4 Nh5 12. Bxe7 Qxe7 13. Re1 Nf4 14. Be4 f5 15. Bc2 Nd8 16. Nf1 Qf6 17. Kh2 g5 18. Ne3 Nf7 19. g3 Nxh3 20. Ne5 Nxe5 21. dxe5 Qf7 22.
f3 g4 23. Ng2 Bxf3 24. Qd2 Ng5 25. Nh4 Bc6 26. Qf4 Qh5 27. Bd1 Bf3 28. Ba4 Be4 29. Bd1 Bf3 30. Ba4 Rf7 31. Re3 Bd5 32. Bd1 Nh3 33. Qd4 Qg5 34. Re1 f4 35. Bc2 fxg3+ 36. Kxg3 Nf4 37. Qe3 Nh5+ 0-1

[Event "Early-Titled-Tuesday-Blitz-May-07-2024"]
[Site "Chess.com"]
[Date "2024.05.07"]
[Round "6"]
[White "GMAkobianSTL"]
[Black "valeriocarnicelli"]
[Result "1-0"]
[WhiteElo "2804"]
[BlackElo "2568"]
[TimeControl "180+1"]
[EndTime "9:11:21 PDT"]
[Termination "GMAkobianSTL won by resignation"]

1. d4 Nf6 2. c4 c5 3. d5 b5 4. cxb5 a6 5. bxa6 g6 6. Nc3 Bxa6 7. e4 Bxf1 8. Kxf1 d6 9. Nf3 Bg7 10. g3 O-O 11. h3 Qa5 12. Kg2 Nbd7 13. Qc2 Rfb8 14.
Rb1 Nb6 15. b3 Nfd7 16. Bb2 Bxc3 17. Bxc3 Qxa2 18. Qc1 f6 19. h4 Qe2 20. Re1 Qd3 21.
Re3 Qb5 22. Qh1 Nc4 23. Ree1 Na3 24. Rb2 Qd3 25. Re3 Qb5 26. Qh3 Nf8 27. h5 g5 28.
h6 Qd7 29. Qh5 Ng6 30. Nxg5 fxg5 31. Qxg5 Nb5 32. f4 Nxc3 33. Rxc3 e6 34. Re3 Qe7 35. Qxe7 Nxe7 36. dxe6 Ra6 37. Rd2 Rab6 38. Red3 Nc8 39. e5 Rxb3 40. Rxb3 Rxb3 41. exd6 Nxd6 42. Rxd6 Kf8 43.
Rd7 Re3 44. f5 1-0

[Event "Early-Titled-Tuesday-Blitz-May-07-2024"]
[Site "Chess.com"]
[Date "2024.05.07"]
[Round "6"]
[White "schackspelaren"]
[Black "biveklama"]
[Result "1-0"]
[WhiteElo "2391"]
[BlackElo "2528"]
[TimeControl "180+1"]
[EndTime "9:11:21 PDT"]
[Termination "schackspelaren won on time"]

1. d4 d5 2. c4 c6 3. Nc3 Nf6 4. e3 e6 5. Nf3 Nbd7 6. Bd3 dxc4 7.
Bxc4 b5 8. Bd3 Bb7 9. a4 b4 10. Ne4 Nxe4 11. Bxe4 Nf6 12. Bd3 Be7 13. O-O O-O 14. Qe2 c5 15. dxc5 Bxf3 16. gxf3 Bxc5 17.
Rd1 Qa5 18. b3 Rfd8 19. Bb2 Be7 20. Kh1 Qh5 21. Rg1 Rxd3 22. Qxd3 Qxf3+ 23. Rg2 Rd8 24.
Qc2 Ne4 25. Bd4 e5 26. Bxe5 Rd2 27. Qc8+ Rd8 28. Qc2 Rd2 29. Qc8+ Bf8 30. Bg3 Rd1+ 31. Rxd1 Qxd1+ 32. Rg1 Qf3+ 33. Rg2 Qd1+ 34. Rg1 Qf3+ 35. Rg2 Nd2 36. Qc2 Qe2 37. h3 1-0

[Event "Early-Titled-Tuesday-Blitz-May-07-2024"]
[Site "Chess.com"]
[Date "2024.05.07"]
[Round "6"]
[White "sudtirolese06"]
[Black "KononenkoD"]
[Result "1-0"]
[WhiteElo "2439"]
[BlackElo "2591"]
[TimeControl "180+1"]
[EndTime "9:11:22 PDT"]
[Termination "sudtirolese06 won on time"]

1. e4 c6 2. d4 d5 3. e5 Bf5 4. Nc3 e6 5. g4 Bg6 6. Nge2 c5 7. h4 h5 8. Nf4 Bh7 9. Nxh5 Nc6 10. dxc5 Bxc5 11.
Bb5 Qc7 12. Bxc6+ bxc6 13. Bf4 Qb6 14. Qf3 Qxb2 15. Rb1 Qxc2 16. Nxg7+ Kd7 17. Bd2 Rf8 18. Rb7+ Kc8 19. Rxf7 Nh6 20. Bxh6 Rxf7 21. Qxf7 Qxc3+ 22. Kf1 Bd3+ 23. Kg2 Be4+ 24. Kh2 Qxe5+ 25. Bf4 Bxf2 26. h5 Bd4 27. Bxe5 Bxe5+ 28. Kh3 Bxh1 29. Qxe6+ Kb7 30. Qxe5 Rc8 31. Nf5 c5 32. Nd6+ Kc7 33. Qe7+ Kc6 34. Nxc8 Kb5 35. Nxa7+ Kc4 36. Qe2+ Kc3 37. Qe1+ Kc4 38. Qxh1 d4 39. Nc6 d3 40. Ne5+ Kd4 41. Nxd3 Kxd3 42. Qd5+ Ke2 43. Qxc5 Kf1 44. Qc2 Ke1 45.
Kg3 Kf1 46. Qd2 1-0

[Event "Early-Titled-Tuesday-Blitz-May-07-2024"]
[Site "Chess.com"]
[Date "2024.05.07"]
[Round "6"]
[White "NM_Antelacus"]
[Black "yashami"]
[Result "0-1"]
[WhiteElo "2266"]
[BlackElo "755"]
[TimeControl "180+1"]
[EndTime "9:11:22 PDT"]
[Termination "yashami won by checkmate"]

1. e4 c5 2. Nc3 Nc6 3. g3 g6 4.
Bg2 Bg7 5. d3 e6 6. f4 Nge7 7.
Nf3 O-O 8. O-O d5 9. e5 Rb8 10. a4 a6 11. h3 f6 12. exf6 Bxf6 13.
g4 b5 14. axb5 axb5 15. Ne2 b4 16. Ng3 Qb6 17. Kh1 c4 18. Qe1 c3 19. b3 Qc7 20.
g5 Bg7 21. Nh2 e5 22. Ne2 Be6 23. Be3 Nf5 24. Bg1 Rfe8 25. Qf2 exf4 26. Nxf4 Bd4 27. Qf3 Ne5 28. Nxe6 Rxe6 29. Qf4 Bxg1 30. Kxg1 Kg7 31. Bxd5 Qc5+ 32. d4 Nxd4 33. Qf6+ Rxf6 34. gxf6+ Kf8 35.
Bg2 Ne2+ 36. Kh1 Ng3# 0-1

[Event "Early-Titled-Tuesday-Blitz-May-07-2024"]
[Site "Chess.com"]
[Date "2024.05.07"]
[Round "6"]
[White "Manukyan_Artak"]
[Black "Rhesh29"]
[Result "1-0"]
[WhiteElo "2543"]
[BlackElo "2382"]
[TimeControl "180+1"]
[EndTime "9:11:23 PDT"]
[Termination "Manukyan_Artak won by resignation"]

1. e4 c5 2. Nf3 Nc6 3. c3 e5 4.
Bc4 Nf6 5. Ng5 d5 6. exd5 Nxd5 7. d4 Be7 8. Nxf7 Kxf7 9. Qf3+ Ke6 10. O-O Na5 11.
Nd2 cxd4 12. cxd4 b5 13. Re1 Bf6 14. dxe5 Be7 15. Bd3 g6 16. Ne4 Nc6 17. Nd6 Bxd6 18. exd6+ Kxd6 19. Bf4+ Nxf4 20. Qxf4+ Kc5 21. Rac1+ Kb6 22.
Rxc6+ Kxc6 23. Be4+ Kb6 24. Bxa8 Bf5 25. Bf3 Re8 26.
Rxe8 Qxe8 27. Qe3+ Qxe3 28. fxe3 Kc5 29. Kf2 Be6 30.
a3 a5 31. Ke1 Kc4 32. Be2+ Kb3 33. Bxb5 Kxb2 34. a4 Kc3 35. Ke2 Bd5 36. g4 g5 37. Kf2 Be4 38. Bd7 h6 39. Ke2 Kc2 40. Bf5 Kb3 41. Bxe4 Kxa4 42. Bd5 Kb4 43. e4 a4 44. Kd3 Kc5 45. Kc3 a3 46. Kb3 1-0

[Event "Early-Titled-Tuesday-Blitz-May-07-2024"]
[Site "Chess.com"]
[Date "2024.05.07"]
[Round "6"]
[White "toninhojit"]
[Black "Mischuk_D"]
[Result "0-1"]
[WhiteElo "2580"]
[BlackElo "2807"]
[TimeControl "180+1"]
[EndTime "9:11:25 PDT"]
[Termination "Mischuk_D won on time"]

1. d4 d5 2. c4 e6 3. Nc3 c5 4.
e3 Nf6 5. Nf3 Nc6 6. a3 cxd4 7.
exd4 g6 8. c5 Bg7 9. Bd3 O-O 10.
O-O e5 11. dxe5 Ng4 12. Bg5 Qd7 13. Bb5 a6 14. Ba4 Ngxe5 15. Nxe5 Bxe5 16. Nxd5 Bxb2 17. Rb1 Bg7 18. Bf6 Qf5 19. Bxg7 Kxg7 20. Bxc6 bxc6 21. Qd4+ f6 22. Ne7 Qe6 23. Rfe1 Qf7 24. Nxc6 Bf5 25. Re7 Bxb1 26. Rxf7+ Rxf7 27. h4 Bf5 28. g4 Rd7 29.
Qf4 Be6 30. Nd4 Bd5 31. c6 Rf7 32. g5 Re8 33. c7 fxg5 34. Qd2 Rxc7 35. hxg5 Bf7 36.
f3 Kg8 37. Qa5 Rd7 38. Ne2 Rd5 39. Qe1 Rde5 40. Qc3 Rxe2 0-1

[Event "Early-Titled-Tuesday-Blitz-May-07-2024"]
[Site "Chess.com"]
[Date "2024.05.07"]
[Round "6"]
[White "RantomOpening"]
[Black "Goryachkina"]
[Result "0-1"]
[WhiteElo "2512"]
[BlackElo "2695"]
[TimeControl "180+1"]
[EndTime "9:11:25 PDT"]
[Termination "Goryachkina won by resignation"]

1. c4 Nf6 2. Nf3 g6 3. Nc3 Bg7 4. e4 e5 5. Nxe5 O-O 6. d4 Re8 7. Be2 c5 8. Nf3 Nxe4 9. Be3 cxd4 10. Bxd4 Nxc3 11. bxc3 Bxd4 12. cxd4 Qe7 13. Qd2 Kg7 14. a4 d5 15. c5 Nc6 16. Ra3 Bg4 17. Re3 Qf6 18.
O-O Re4 19. Rxe4 dxe4 20. Ne5 Bxe2 21. Qxe2 Nxe5 22. dxe5 Qxe5 23. Qb5 Qe7 24. Re1 Rc8 25. Qa5 a6 26. Qc3+ Kg8 27. g3 Rxc5 28. Rxe4 Qxe4 29.
Qxc5 Qxa4 30. Qc8+ Kg7 31. Qxb7 Qa1+ 32. Kg2 a5 33. h4 h5 34. f3 a4 35. g4 a3 36. Qc7 Qb2+ 37. Kh3 a2 38. gxh5 a1=Q 39. h6+ Kxh6 40. Qf4+ Kg7 0-1

[Event "Early-Titled-Tuesday-Blitz-May-07-2024"]
[Site "Chess.com"]
[Date "2024.05.07"]
[Round "6"]
[White "Tonychess32"]
[Black "manitodeplomo"]
[Result "1-0"]
[WhiteElo "2500"]
[BlackElo "2609"]
[TimeControl "180+1"]
[EndTime "9:11:27 PDT"]
[Termination "Tonychess32 won on time"]

1. e4 Nc6 2. Nc3 Nf6 3. Nf3 e5 4. Bb5 a6 5. Bxc6 dxc6 6. Nxe5 Nxe4 7. Nxe4 Qd4 8. O-O Qxe5 9. Re1 Be6 10. d4 Qf5 11. c4 O-O-O 12. b3 Bb4 13. Re3 Rhe8 14. a3 Be7 15. Bb2 g5 16. Qe2 Qg6 17. Re1 h6 18.
Nd2 Bf6 19. Nf3 Bg7 20. Ne5 Qf5 21. Rf3 Qh7 22. Re3 Qf5 23. h3 Qh7 24. Qf3 Bxe5 25. Rxe5 Qg6 26. Qe3 Bd7 27. d5 cxd5 28. Qa7 c6 29. Rxe8 Rxe8 30. Be5 Rxe5 31. Rxe5 Qb1+ 32. Kh2 Qxb3 33. cxd5 cxd5 34. Qc5+ Bc6 35. Qd6 Qa4 36.
g3 Qc4 37. Re7 1-0

[Event "Early-Titled-Tuesday-Blitz-May-07-2024"]
[Site "Chess.com"]
[Date "2024.05.07"]
[Round "6"]
[White "Flaccidmoves"]
[Black "ValiantCeleb"]
[Result "1/2-1/2"]
[WhiteElo "2397"]
[BlackElo "2237"]
[TimeControl "180+1"]
[EndTime "9:11:27 PDT"]
[Termination "Game drawn by agreement"]

1. e4 e5 2. Bc4 Nf6 3. d3 Nc6 4. f4 exf4 5. Bxf4 d5 6. exd5 Nxd5 7. Bg3 Be6 8. Nf3 Ne3 9. Qe2 Nxc4 10. dxc4 Bc5 11. Nc3 Nd4 12. Nxd4 Bxd4 13. Rd1 Bxc3+ 14. bxc3 Qf6 15. Be5 Qh4+ 16. g3 Qxc4 17. Qxc4 Bxc4 18. Bxg7 Rg8 19. Be5 c6 20. Kf2 Rg6 21. a3 Re6 22.
Rhe1 Rd8 23. Rxd8+ Kxd8 24. h4 Ke7 25. g4 f6 26. Bd4 Rxe1 27. Kxe1 b6 28. g5 fxg5 29. hxg5 c5 30. Bf6+ Ke6 31. Kd2 Kf5 32. Bd8 Bd5 33. Kd3 Be4+ 34. Kc4 Bxc2 35. Kb5 Bd3+ 36. Kc6 Be4+ 37. Kc7 b5 38. Kb8 a6 39. Ka7 Bd3 40.
Kb6 b4 41. axb4 cxb4 42. cxb4 Bb5 43. Kc5 1/2-1/2

[Event "Early-Titled-Tuesday-Blitz-May-07-2024"]
[Site "Chess.com"]
[Date "2024.05.07"]
[Round "6"]
[White "Kacparov"]
[Black "ahmedkandiliii"]
[Result "1-0"]
[WhiteElo "2904"]
[BlackElo "2642"]
[TimeControl "180+1"]
[EndTime "9:11:28 PDT"]
[Termination "Kacparov won by resignation"]

1. e4 e5 2. Nf3 Nc6 3. Bc4 Nf6 4.
d3 Bc5 5. c3 d6 6. Bb3 a6 7. h3 h6 8. Nbd2 O-O 9. Nh2 Ba7 10.
Ndf1 d5 11. Qf3 Be6 12. Ng3 Ne7 13. Bxh6 dxe4 14. dxe4 Bxb3 15. axb3 gxh6 16. Qxf6 Ng6 17. Qf3 Qg5 18. Nf5 Kh7 19. O-O Nf4 20. Ng4 h5 21. Nxe5 Rg8 22. Kh1 f6 23. Nd7 Rad8 24. Nxf6+ Qxf6 25. Qxf4 Rg5 26. Rad1 Rdg8 27. Rd7+ Kh8 28. g3 Qc6 29.
Rd5 Qe6 30. Kh2 Qc6 31. Ne7 Qe6 32. Nxg8 Rxd5 33. exd5 Qxg8 34. Qh6+ Qh7 35. Qxh7+ Kxh7 36. Re1 Bxf2 37. Re7+ Kg6 38. Rxc7 b6 39. d6 Kf6 40. b4 Ke6 41. d7 Ke7 42. Kg2 Be3 43. Kf3 Bg5 44.
Rb7 Kd8 45. Ke4 Be7 46. Rxb6 Bd6 47. Rxd6 a5 48. bxa5 h4 49. gxh4 1-0

[Event "Early-Titled-Tuesday-Blitz-May-07-2024"]
[Site "Chess.com"]
[Date "2024.05.07"]
[Round "6"]
[White "LLariMarc"]
[Black "HanSchut"]
[Result "0-1"]
[WhiteElo "2510"]
[BlackElo "2368"]
[TimeControl "180+1"]
[EndTime "9:11:28 PDT"]
[Termination "HanSchut won by resignation"]

1. d4 Nf6 2. Nf3 g6 3. c4 Bg7 4. Nc3 d5 5. cxd5 Nxd5 6. e4 Nxc3 7. bxc3 c5 8. Rb1 Nc6 9. d5 Ne5 10. Nxe5 Bxe5 11. Rb3 O-O 12. f4 Bc7 13. c4 e5 14. g3 exf4 15. Qf3 f5 16. e5 Bxe5 17. gxf4 Qh4+ 18. Qg3 Bf6 19. Bb2 Re8+ 20. Kf2 Qxg3+ 21. hxg3 Bxb2 22. Rxb2 b6 23. Bd3 Bd7 24. Kf3 h5 25.
Re2 Kf7 26. Rhe1 Rxe2 27. Rxe2 Re8 28. Rxe8 Bxe8 29. Bc2 Ke7 30. a4 Kd6 31. Bb3 a6 32. Kg2 b5 33. axb5 axb5 34. Kh3 bxc4 35. Bxc4 Bf7 36.
Kh4 Bxd5 37. Bd3 Bf7 38. Kg5 c4 39. Bc2 Be8 40. Kf6 Kc5 41. Ke7 Bb5 42. Kf6 Be8 43. Ke7 Bc6 44. Kf7 Be4 45. Bd1 c3 46. Kxg6 c2 47. Bxc2 Bxc2 48. Kxh5 Bd1+ 49. Kg5 Bg4 50. Kf6 Kd4 51. Kg5 Ke3 52. Kh4 Kf3 53. Kg5 Kxg3 0-1

[Event "Early-Titled-Tuesday-Blitz-May-07-2024"]
[Site "Chess.com"]
[Date "2024.05.07"]
[Round "6"]
[White "GMthekingindian"]
[Black "ChelsieMonica"]
[Result "0-1"]
[WhiteElo "2250"]
[BlackElo "2520"]
[TimeControl "180+1"]
[EndTime "9:11:28 PDT"]
[Termination "ChelsieMonica won on time"]

1. d4 d6 2. Nf3 c6 3. g3 g6 4. Bg2 Bg7 5. O-O Nf6 6. c4 O-O 7. Nc3 Be6 8. b3 Qc8 9. Re1 Bh3 10. Bh1 h5 11. Bb2 Na6 12. e4 Nh7 13. e5 Nc7 14. exd6 exd6 15. Qd2 Qd7 16. Ne4 Rfe8 17.
c5 Rxe4 18. Rxe4 dxc5 19. Re2 Rd8 20. Rd1 Qc8 21. Qe1 Bg4 22. dxc5 Bxb2 23. Rxb2 Nd5 24.
Bg2 Re8 25. Re2 Rxe2 26. Qxe2 Nc3 27. Qd3 Nxd1 28. Qxd1 Ng5 29. Qd3 Bxf3 30. Bxf3 Qc7 31. Bg2 Qe7 32. Qe3 Qxe3 33. fxe3 Ne6 34. b4 Kg7 35. a4 Kf6 36. Kf2 Ke5 37. Ke2 a5 38. Kd3 axb4 39. Kc4 b3 40. Kxb3 Nxc5+ 41. Kb4 Kd6 42. Bf1 Ne4 43. Bc4 f6 44. Bf7 g5 45.
Bxh5 c5+ 46. Kc4 Nd2+ 47. Kd3 Nf1 48. h4 Nxg3 49. hxg5 fxg5 50. Bg4 b6 51. Kc4 Ne4 52. a5 bxa5 53. Kb5 Nf2 54. Be2 g4 55. Kxa5 g3 56.
Bf3 Ng4 0-1

[Event "Early-Titled-Tuesday-Blitz-May-07-2024"]
[Site "Chess.com"]
[Date "2024.05.07"]
[Round "6"]
[White "Artemiki"]
[Black "Zhigalko_Sergei"]
[Result "0-1"]
[WhiteElo "2501"]
[BlackElo "2874"]
[TimeControl "180+1"]
[EndTime "9:11:29 PDT"]
[Termination "Zhigalko_Sergei won on time"]

1. e4 c5 2. g3 Nc6 3. Bg2 Nf6 4.
Ne2 e5 5. d3 d5 6. O-O d4 7. f4 Be7 8. Nd2 O-O 9. f5 Rb8 10.
a4 a6 11. h3 b5 12. g4 h6 13. axb5 axb5 14. Nf3 c4 15. g5 hxg5 16. Nxg5 Nb4 17. Nf3 Nd7 18. Ng3 Rb6 19. Nh5 Rc6 20. Rf2 Bb7 21.
Bf1 Re8 22. Rg2 Bf8 23. Qe1 cxd3 24. Bxd3 g6 25. Qg3 Qc7 26. Bd2 Nxd3 27. cxd3 Nc5 28.
Nh4 Bg7 29. fxg6 fxg6 30. Nxg7 Qxg7 0-1